 Dungeon Sprint DCSS version 0.29-a0-575-g0dc89cf053 (webtiles) character file.

Game seed: 16641788067585867579

6346 mhtbhm the Brawler (level 10, -25/127 HPs)
             Began as an Ogre Transmuter on June 12, 2022.
             Was an Initiate of Gozag.
             Killed from afar by a lindwurm (63 damage)
             ... with a blast of flame
             ... in the Dungeon (Sprint IX: "|||||||||||||||||||||||||||||").
             The game lasted 00:03:09 (970 turns).

mhtbhm the Brawler (Ogre Transmuter)                 Turns: 970, Time: 00:03:10

Health: -25/127    AC:  8    Str: 20    XL:     10   Next: 96%
Magic:  22/25      EV: 14    Int: 17    God:    Gozag
Gold:   1764       SH:  0    Dex:  9    Spells: 21/31 levels left

rFire   x . .      SeeInvis .     - Unarmed
rCold   + + +      Faith    .   (shield currently unavailable)
rNeg    . . .      Spirit   .   (body armour currently unavailable)
rPois   +          Reflect  .   (helmet currently unavailable)
rElec   .          Harm     .   (cloak currently unavailable)
rCorr   .          Rampage  .   (gloves unavailable)
Will    +....      NoTele   +   (boots unavailable)
Stlth   +++.......              (no amulet)
HPRegen 0.31/turn               k - +2 ring of evasion
MPRegen 0.19/turn               l - +3 ring of intelligence

@: lethally poisoned (-25 -> -32), ice-form
A: freezing attack, amphibious, boosted hp, large, unfitting armour, (tough skin
1)
a: End Transformation, Renounce Religion, Potion Petition, Call Merchant, Bribe
Branch


You were in the Dungeon.
You worshipped Gozag.
Gozag was most pleased with you.
You were a creature of crystalline ice.
You visited 1 branch You collected 1764 gold pieces.

Inventory:

Armour
 a - a +0 robe (melded)
Jewellery
 k - a +2 ring of evasion (left front paw)
 l - a +3 ring of intelligence (right front paw)
Wands
 j - a wand of iceblast (10)
Scrolls
 h - 2 scrolls of blinking
 i - 2 scrolls of amnesia
 n - a scroll of identify
 o - a scroll of acquirement
 p - 2 scrolls of enchant weapon
 q - a scroll of fog
 r - 2 scrolls of fear
 s - 2 scrolls of enchant armour
Potions
 b - a potion of lignification
 c - 6 potions of curing
 d - 7 potions of heal wounds
 e - a potion of haste
 f - 4 potions of magic
 g - a potion of mutation
 m - a potion of resistance


   Skills:
 + Level 8.6 Fighting
 + Level 8.9 Dodging
 + Level 5.4 Stealth
 + Level 15.8 Unarmed Combat
 + Level 11.2 Spellcasting
 + Level 9.1 Transmutations
 + Level 3.4 Ice Magic


You had 21 spell levels left.
You knew the following spells:

 Your Spells              Type           Power      Damage    Failure   Level
a - Beastly Appendage     Tmut           80%        N/A       1%          1
b - Wereblood             Tmut           40%        N/A       1%          2
c - Spider Form           Tmut/Pois      25%        N/A       3%          3
d - Ice Form              Ice/Tmut       30%        N/A       5%          4

Your spell library contained the following spells:

 Spells                   Type           Power      Damage    Failure   Level
 Static Discharge         Conj/Air       9%         N/A       12%         2
 Dispel Undead            Necr           9%         3d8       58%         4
 Sticky Flame             Conj/Fire      9%         2d3       58%         4


Dungeon Overview and Level Annotations

Branches:
Dungeon (1/1)

Altars:
Cheibriados
Dithmenos
Elyvilon
Fedhas
Gozag
Hepliaklqana
Kikubaaqudgha
Makhleb
Nemelex Xobeh
Okawaru
Qazlal
Ru
Sif Muna
Trog
Uskayaw
Vehumet
Wu Jian
Xom
Yredelemnul
Zin
The Shining One
Beogh
Jiyva
Lugonu


Innate Abilities, Weirdness & Mutations

You are a creature of crystalline ice.
You have a powerful freezing melee attack.
You are amphibious.
Your maximum health is increased.
Your armour is entirely melded.
You are incapable of wielding weapons or throwing items.
You are too large for most types of armour.
((You have tough skin. (AC +1)))


Message History

The lindwurm is no longer distracted by gold.
The black mamba is no longer distracted by gold.
The rime drake bites you but does no damage.
You closely miss the rime drake.
The rime drake is moderately wounded.
You hit the rime drake but do no damage.
The rime drake is moderately wounded.
The ice encasing you melts away.
The rime drake bites you but does no damage.
The black mamba is distracted by your dazzling golden aura.
You squash the rime drake like an ant!!!
You kill the rime drake!
The black mamba is no longer distracted by gold.
The black mamba bites you but does no damage.
The black mamba bites you.
You are poisoned.
The black mamba poisons you!
You see here 171 gold pieces.
You pummel the black mamba!! You freeze the black mamba!
The black mamba is almost dead.
You feel very sick. The black mamba barely misses you.
You pummel the black mamba!!
The black mamba seems to slow down.
You freeze the black mamba.
You kill the black mamba!
You feel sick.
You feel very sick. The lindwurm bites you. The lindwurm barely misses you.
The lindwurm closely misses you.
You see here 27 gold pieces.
You pummel the lindwurm!! You freeze the lindwurm.
The lindwurm is moderately wounded.
You feel sick. The lindwurm misses you. The lindwurm claws you. x2
You pummel the lindwurm!! You freeze the lindwurm!
The lindwurm is almost dead.
You feel sick. The lindwurm breathes flames at you.
The blast of flame hits you!!! The fire burns you terribly!
You die...
Your body crumbles into a pile of gold.

▓▓▓▓▓▓▓▓▓▓▓▓▓▓▓▓▓▓▓▓▓▓▓▓▓▓▓▓▓▓▓▓▓
'..[[.[)..'______________________
▓▓▓▓▓▓▓▓▓▓▓▓▓▓▓▓▓▓▓▓▓▓▓▓▓▓▓▓▓▓▓▓▓
.................................
▓▓▓▓▓▓▓▓▓▓▓▓▓▓▓▓▓▓▓▓▓▓▓▓▓▓▓▓▓▓▓▓▓
+....kY$$.$$........'..
▓▓▓▓▓▓▓▓▓▓▓▓▓▓▓▓▓▓▓▓▓▓▓ $ $ $


$$$$$ $$$$$$$$$$$$ $$$$$$$$ You could see a lindwurm (catching breath).

Vanquished Creatures
  A boulder beetle (D)
  A two-headed ogre (D)
  A centaur warrior (D)
  An oklob plant (D)
  An ugly thing (D)
  A torpor snail (D)
  A black mamba (D)
  2 cane toads (D)
  A rime drake (D)
  3 komodo dragons (D)
  A blink frog (D)
  A shadow (D)
  A wraith (D)
  A vampire mosquito (D)
  A water moccasin (D)
  2 black bears (D)
  A wolf (D)
  A kobold brigand (D)
  4 bullfrogs (D)
  A scorpion (D)
  A howler monkey (D)
  An orc priest (D)
  A hell rat (D)
  A gnoll (D)
  A white imp (D)
  A quokka (D)
  2 bats (D)
  A kobold (D)
  A rat (D)
37 creatures vanquished.

Vanquished Creatures (others)
  A centaur warrior (D)
  A manticore (D)
2 creatures vanquished.

Grand Total: 39 creatures vanquished

Notes
Turn   | Place    | Note
-------+----------+-------------------------------------------
     0 | D        | mhtbhm the Ogre Transmuter began the quest for the Orb.
     0 | D        | Reached XP level 1. HP: 19/19 MP: 3/3
    13 | D        | Reached skill level 3 in Unarmed Combat
    73 | D        | Noticed a scorpion
    73 | D        | Noticed an orc priest
    73 | D        | Noticed a black bear
    76 | D        | Killed a black bear
    77 | D        | Reached skill level 6 in Unarmed Combat
    77 | D        | Reached XP level 2. HP: 28/28 MP: 3/7
    77 | D        | Reached XP level 3. HP: 35/35 MP: 3/9
    77 | D        | Reached XP level 4. HP: 42/42 MP: 3/10
    81 | D        | Reached skill level 7 in Unarmed Combat
    81 | D        | Reached skill level 5 in Spellcasting
    81 | D        | Reached XP level 5. HP: 49/49 MP: 3/12
    86 | D        | Reached skill level 8 in Unarmed Combat
    94 | D        | Learned a level 2 spell: Wereblood
    98 | D        | Learned a level 3 spell: Spider Form
   103 | D        | Learned a level 4 spell: Ice Form
   104 | D        | Found a snail-covered altar of Cheibriados.
   104 | D        | Found a shadowy altar of Dithmenos.
   104 | D        | Found a white marble altar of Elyvilon.
   104 | D        | Found a blossoming altar of Fedhas.
   104 | D        | Found an opulent altar of Gozag.
   105 | D        | Found a hazy altar of Hepliaklqana.
   106 | D        | Found a viscous altar of Jiyva.
   107 | D        | Found an ancient bone altar of Kikubaaqudgha.
   108 | D        | Found a corrupted altar of Lugonu.
   109 | D        | Found a burning altar of Makhleb.
   110 | D        | Found a sparkling altar of Nemelex Xobeh.
   111 | D        | Found an iron altar of Okawaru.
   114 | D        | Became a worshipper of Gozag Ym Sagoz the Greedy
   141 | D        | Found a stormy altar of Qazlal.
   142 | D        | Found a sacrificial altar of Ru.
   143 | D        | Found a shimmering blue altar of Sif Muna.
   144 | D        | Found a bloodstained altar of Trog.
   145 | D        | Found a hide-covered altar of Uskayaw.
   146 | D        | Found a radiant altar of Vehumet.
   147 | D        | Found an ornate altar of the Wu Jian Council.
   148 | D        | Found a shimmering altar of Xom.
   149 | D        | Found a basalt altar of Yredelemnul.
   150 | D        | Found a glowing silver altar of Zin.
   151 | D        | Found a glowing golden altar of the Shining One.
   213 | D        | Noticed a wraith
   213 | D        | Noticed a komodo dragon
   213 | D        | Noticed a kobold brigand
   213 | D        | Noticed a vampire mosquito
   213 | D        | Noticed a shadow
   216 | D        | Killed a shadow
   217 | D        | Reached skill level 9 in Unarmed Combat
   217 | D        | Reached XP level 6. HP: 61/61 MP: 7/15
   223 | D        | Killed a vampire mosquito
   224 | D        | Reached skill level 5 in Dodging
   224 | D        | Reached skill level 10 in Unarmed Combat
   224 | D        | Reached skill level 5 in Transmutations
   224 | D        | Reached XP level 7. HP: 67/67 MP: 8/17
   232 | D        | Killed a komodo dragon
   233 | D        | Reached skill level 1 in Stealth
   233 | D        | Reached skill level 11 in Unarmed Combat
   236 | D        | Killed a wraith
   237 | D        | Reached XP level 8. HP: 61/79 MP: 11/20
   358 | D        | Noticed a brown ugly thing
   358 | D        | Noticed a centaur warrior
   358 | D        | Noticed a manticore
   358 | D        | Noticed a boulder beetle
   358 | D        | Noticed a centaur warrior
   358 | D        | Noticed a two-headed ogre
   364 | D        | Killed a two-headed ogre
   365 | D        | Reached skill level 5 in Fighting
   365 | D        | Reached skill level 12 in Unarmed Combat
   365 | D        | Reached skill level 1 in Ice Magic
   368 | D        | Killed a centaur warrior
   369 | D        | Killed a boulder beetle
   370 | D        | Reached skill level 13 in Unarmed Combat
   370 | D        | Reached XP level 9. HP: 87/92 MP: 16/22
   372 | D        | Killed a manticore
   376 | D        | Killed a centaur warrior
   377 | D        | Reached skill level 14 in Unarmed Combat
   377 | D        | Reached skill level 10 in Spellcasting
   379 | D        | Killed a brown ugly thing
   380 | D        | Reached XP level 10. HP: 82/102 MP: 17/24
   609 | D        | Noticed a cane toad
   609 | D        | Noticed a cane toad
   616 | D        | Killed a cane toad
   620 | D        | Killed a cane toad
   624 | D        | Noticed an oklob plant
   631 | D        | Reached skill level 15 in Unarmed Combat
   915 | D        | Killed an oklob plant
   940 | D        | Noticed a torpor snail
   944 | D        | Killed a torpor snail
   945 | D        | Reached skill level 5 in Stealth
   951 | D        | Noticed a black mamba
   955 | D        | Noticed a lindwurm
   967 | D        | Killed a black mamba
   970 | D        | Killed from afar by a lindwurm

Illustrated notes

Levels and vault maps discovered:
D:        linesprint [early_d, line_temple, items_1, d_10, items_2, lair_1,
          lair_end, items_3, orc_1, orc_end, items_4, d_15, swamp_1, shoals_1,
          snake_1, spider_1, d_20, vaults_1, items_5, swamp_end, shoals_end,
          snake_end, spider_end, vaults_end, d_27, items_6, zot_1, zot_end,
          crypt_end, forest_end, elf_end, slime_end, tomb_end, abyss_end,
          pan_hell_end]

Skill      XL: |  1  2  3  4  5  6  7  8  9 10 |
---------------+-------------------------------+-----
Spellcasting   | 4 5 6 7 8 9 10 11 | 11.2
Unarmed Combat | 6 7 9 10 11 13 14 15 | 15.8
Fighting       | 2 3 4 6 7 8 |  8.6
Dodging        | 3 4 5 6 7 8 |  8.9
Transmutations | 3 4 5 6 7 8 9 |  9.1
Stealth        | 1 2 3 5 |  5.4
Ice Magic      | 1 2 3 |  3.4

Action                   |  1- 3 |  4- 6 |  7- 9 | 10-12 || total
-------------------------+-------+-------+-------+-------++-------
Melee: Unarmed           |    17 |    17 |    27 |    46 ||   107
       Kick              |     5 |     2 |       |       ||     7
       Headbutt          |     1 |     1 |       |       ||     2
 Cast: Beastly Appendage |     2 |       |       |       ||     2
       Ice Form          |       |     1 |     1 |     3 ||     5
       Wereblood         |       |     1 |     1 |     2 ||     4
  Use: Potion            |     1 |       |     1 |       ||     2
 Stab: Invisible         |       |       |     4 |       ||     4
Armor: Robe              |     5 |     1 |       |       ||     6
       Skin              |       |     2 |     4 |     8 ||    14
Dodge: Dodged            |    10 |     6 |    17 |    16 ||    49

Table legend: (Time is in decaauts)
 A = Elapsed time spent in this place.
 B = Non-inter-level travel time spent in this place.
 C = Inter-level travel time spent in this place.
 D = Time resting spent in this place.
 E = Time spent auto-exploring this place.
 F = Levels seen in this place.
 G = Mean time per level.
                   A        B        C        D        E       F      G
               +--------+--------+--------+--------+--------+-----+--------+
         Total |    967 |    967 |      0 |    476 |    171 |   1 |  967.0 |
       Dungeon |    967 |    967 |      0 |    476 |    171 |   1 |  967.0 |
               +--------+--------+--------+--------+--------+-----+--------+

Top non-repeatable levels by time:
       D: 967 daAuts
